 Dungeon Crawl Stone Soup version 0.17-a0-1701-gf693a3f (webtiles) character file.

103 pipel the Chopper (level 4, -1/38 HPs)
             Began as a Hill Orc Gladiator on Aug 21, 2015.
             Was an Initiate of Trog.
             Slain by a gnoll
             ... wielding a +0 spear
              (8 damage)
             ... on level 2 of the Dungeon.
             The game lasted 00:03:16 (1554 turns).

pipel the Chopper (Hill Orc Gladiator)              Turns: 1554, Time: 00:03:16

Health: -1/38      AC: 12    Str: 18    XL:     4   Next: 79%
Magic:  4/4        EV: 10    Int:  8    God:    Trog [......]
Gold:   108        SH:  0    Dex: 11    Spells: 0 memorised, 3 levels left

rFire  . . .     SeeInvis .     a - +0 war axe
rCold  . . .     Clarity  .     i - +0 scale mail
rNeg   . . .     SustAt   .     (no shield)
rPois  .         Gourm    .     c - +0 helmet
rElec  .         Spirit   .     h - +1 cloak
rCorr  .         Warding  .     (no gloves)
rMut   .         Stasis   .     (no boots)
MR     .....                    (no amulet)
Stlth  ..........               (no ring)
                                n - +3 ring of protection

@: not resistant to hostile enchantments, extremely unstealthy
A: no striking features
a: Burn Spellbooks, Renounce Religion


You were on level 2 of the Dungeon.
You worshipped Trog.
Trog was noncommittal.
You were not hungry.

You visited 1 branch of the dungeon, and saw 2 of its levels.

You collected 108 gold pieces.

Inventory:

Hand weapons
 a - a +0 war axe (weapon)
Missiles
 d - 3 throwing nets (quivered)
 m - 31 stones
Armour
 b - a +0 leather armour
 c - a +0 helmet (worn)
 h - a +1 cloak (worn)
 i - a +0 scale mail (worn)
Jewellery
 n - a +3 ring of protection (left hand)
Scrolls
 g - a scroll of fog
 l - 2 scrolls of identify
Potions
 k - 3 potions of haste {unknown}
Comestibles
 e - 2 bread rations
 j - a meat ration


   Skills:
 + Level 3.1 Fighting
 + Level 4.9 Axes
 + Level 2.2 Throwing
 + Level 1.5 Armour
 + Level 3.3 Dodging


You had 3 spell levels left.
You didn't know any spells.

Dungeon Overview and Level Annotations

Branches:
Dungeon (2/15)

Altars:
Trog


Message History

The gnoll is heavily wounded.
The gnoll misses you. The gnoll barely misses you.
You hit the gnoll.
The gnoll is heavily wounded.
The gnoll closely misses you. The gnoll barely misses you.
You hit the gnoll.
The gnoll is almost dead.
The gnoll hits you but does no damage. x2
You barely miss the gnoll.
The gnoll is almost dead.
The gnoll hits you but does no damage. The gnoll closely misses you.
Your scale mail prevents you from hitting the gnoll.
The gnoll is almost dead.
The gnoll closely misses you. The gnoll hits you but does no damage.
The gnoll hits you but does no damage.
You slash the gnoll!
You kill the gnoll!
Trog accepts your kill.
The gnoll hits you from afar with a spear!
You die...

#.# #.#.# #.### #.#.#.#
#. #.# #.#.# #.# #.#.#.#
#. #.# #.#.#######.####
#.#.#.# #. #.#
#..............###......
.. #.# ###.#####.####..
....... ... #.######.#
#.# ##.###.# .###
......##.# #.#
#...##.#.# #. #
#........#
#.###.........
#####.#### #..@)g..##.##
# ######.## #...##†###.#
############ #g).g....#
...........#
#...##.###....
#...#...#..#.... #.# ##
.........._#### #.#
#...#...#..# #.#
...........# #..


You could see a gnoll.

Vanquished Creatures
  3 adders (D:2)
  3 gnolls (D:2)
  A worm (D:2)
  2 giant geckos (D:2)
  6 bats
  2 giant cockroaches
  7 hobgoblins
  5 kobolds
  A giant newt (D:2)
  3 goblins
  11 rats
44 creatures vanquished.

Notes
Turn   | Place    | Note
--------------------------------------------------------------
     0 | D:1      | pipel the Hill Orc Gladiator began the quest for the Orb.
     0 | D:1      | Reached XP level 1. HP: 18/18 MP: 1/1
   223 | D:1      | Reached XP level 2. HP: 23/25 MP: 2/2
  1044 | D:2      | Reached XP level 3. HP: 30/30 MP: 3/3
  1403 | D:2      | Reached XP level 4. HP: 37/37 MP: 4/4
  1413 | D:2      | Reached skill level 1 in Armour
  1418 | D:2      | Found a bloodstained altar of Trog.
  1426 | D:2      | Became a worshipper of Trog the Wrathful
  1554 | D:2      | Slain by a gnoll

Vault maps used:
D:1:      lemuel_arrival_lava_pool, minmay_misc_feat_doors, corner_web_ring,
          nrook_loot_triangle
D:2:      lemuel_coloured_pillars_altar

Action                   |  1- 3 |  4- 6 || total
-------------------------+-------+-------++-------
Melee: War axe           |   130 |    31 ||   161
  Use: Potion            |     1 |       ||     1
       Scroll            |     4 |       ||     4
  Eat: Chunk             |     2 |       ||     2
